 Dungeon Crawl Stone Soup version 0.29-a0-1006-g0dd7720b37 (webtiles) character file.

Game seed: 1037901723262902708

84 Mesmaeker13 the Insei (level 4, -1/28 HPs)
             Began as an Octopode Transmuter on Aug 6, 2022.
             Slain by a hobgoblin
             ... wielding a +0 club
              (9 damage)
             ... on level 2 of the Dungeon.
             The game lasted 00:01:54 (1607 turns).

Mesmaeker13 the Insei (Octopode Transmuter)         Turns: 1607, Time: 00:01:55

Health: -1/28      AC:  1    Str:  9    XL:     4   Next: 45%
Magic:  8/8        EV: 13    Int: 17    God:
Gold:   48         SH:  0    Dex: 12    Spells: 5/8 levels left

rFire   . . .      SeeInvis .     - Unarmed
rCold   . . .      Faith    .   (no shield)
rNeg    . . .      Spirit   .   (helmet currently unavailable)
rPois   .          Reflect  .   (no amulet)
rElec   .          Harm     .   (no ring)
rCorr   .          Rampage  .   (no ring)
Will    .....                   (no ring)
Stlth   ++........              (no ring)
HPRegen 0.09/turn               (no ring)
MPRegen 0.11/turn               (no ring)
                                (no ring)
                                (no ring)

@: appendages
A: tentacle spike 3, almost no armour, amphibious, 8 rings, camouflage 1,
gelatinous body 1, (nimble swimmer 1), tentacles
a: End Transformation


You were on level 2 of the Dungeon.
One of your tentacles had grown a beastly spike.
You visited 1 branch of the dungeon, and saw 2 of its levels.

You collected 48 gold pieces.

Inventory:

Hand Weapons
 f - a +2 short sword of holy wrath
 k - a +0 dagger of venom
Scrolls
 b - 2 scrolls of identify {unknown}
 e - a scroll of vulnerability {unknown}
 g - a scroll of teleportation {unknown}
 h - a scroll of fear {unknown}
 i - a scroll of torment {unknown}
 j - a scroll of summoning {unknown}
Potions
 a - 2 potions of lignification
 c - 2 potions of haste {unknown}
 d - a potion of heal wounds {unknown}


   Skills:
 - Level 1.0 Fighting
 - Level 2.0 Dodging
 + Level 3.8 Unarmed Combat
 + Level 2.9 Spellcasting
 + Level 3.1 Transmutations


You had 5 spell levels left.
You knew the following spells:

 Your Spells              Type           Power      Damage    Failure   Level
a - Beastly Appendage     Tmut           26%        N/A       4%          1
b - Wereblood             Tmut           13%        N/A       8%          2

Your spell library contained the following spells:

 Spells                   Type           Power      Damage    Failure   Level
 Spider Form              Tmut/Pois      7%         N/A       28%         3
 Dazzling Flash           Conj/Hex       4%         N/A       47%         3
 Ice Form                 Ice/Tmut       7%         N/A       67%         4
 Agony                    Necr           2%         N/A       99%         5
 Silence                  Hex/Air        1%         N/A       99%         5


Dungeon Overview and Level Annotations

Branches:
Dungeon (2/15)

Altars:


Innate Abilities, Weirdness & Mutations

One of your tentacles has grown a beastly spike.
You cannot wear most types of armour.
You are amphibious.
You can wear up to eight rings at the same time.
Your skin changes colour to match your surroundings (Stealth+).
Your rubbery body absorbs attacks. (AC +1, EV +1)
((You are camouflaged when in or above water. (Stealth+)))
You have tentacles for arms and can constrict up to eight enemies at once.


Message History

Magic restored.
You see here a ball python corpse.
Your tentacle spike disappears.
There is a stone staircase leading down here.
A hobgoblin is nearby!
Casting: Beastly Appendage (safe; 4% risk of failure)
Confirm with . or Enter, or press ? or * to list all spells.
One of your tentacles grows a vicious spike.
The hobgoblin shouts!
The adder hisses angrily.
You tentacle-slap the hobgoblin but do no damage.
You grab the hobgoblin.
You pierce the hobgoblin, but do no damage.
You constrict the hobgoblin, but do no damage.
The hobgoblin hits you with a +0 club!
You release your grip on the hobgoblin.
You tentacle-slap the hobgoblin but do no damage.
Your grab misses the hobgoblin.
Your tentacle-slap misses the hobgoblin.
The hobgoblin drinks a potion.
The hobgoblin seems to grow stronger.
You tentacle-slap the adder. Your grab misses the adder.
You pierce the adder.
You squeeze the adder.
The adder is heavily wounded.
The adder bites you. The hobgoblin hits you with a +0 club.
You barely miss the adder. Your grab misses the adder.
Your tentacle spike misses the adder.
Your squeeze misses the adder.
The adder is heavily wounded.
The adder closely misses you. The hobgoblin closely misses you.
You tentacle-slap the adder. You grab the adder.
The adder is severely wounded.
You constrict the adder. The adder barely misses you.
The hobgoblin hits you with a +0 club. The adder barely misses you.
You tentacle-slap the adder.
You kill the adder!
The hobgoblin hits you with a +0 club.
* * * LOW HITPOINT WARNING * * *
You tentacle-slap the hobgoblin but do no damage.
Your grab misses the hobgoblin. Your squeeze misses the hobgoblin.
The hobgoblin hits you with a +0 club!
You die...

.# #.# #.. ........†..##
.####.####.# #.# .##.###.##...
...........#.....#.............##
#####.######..##.#.#.#.##.#.##.#
#[# #..##...#........##.# #.#
#..##.#......#.#..... #.#
#.....#.#..!...#.##.## #.#
#..##g.......# ..##.# #.#
#..##@#.##.#.# #.##.# #.#
#............. #.. .#
##.######..##.###.##.#
#...†...>........ ..
##.#######.####.# .# ### #.# .# #
#.. . #### ##


You could see a hobgoblin (strong).

Vanquished Creatures
  Jessica (D:2)
  3 adders (D:2)
  A dart slug (D:1)
  An orc (D:2)
  5 ball pythons
  A bat (D:1)
  3 endoplasms
  2 giant cockroaches (D:1)
  2 goblins
  A hobgoblin (D:1)
  A kobold (D:1)
  2 quokkas (D:1)
  2 frilled lizards (D:1)
  5 rats
30 creatures vanquished.

Notes
Turn   | Place    | Note
-------+----------+-------------------------------------------
     0 | D:1      | Mesmaeker13 the Octopode Transmuter began the quest for the
                  | Orb.
     0 | D:1      | Reached XP level 1. HP: 13/13 MP: 3/3
   207 | D:1      | Reached XP level 2. HP: 18/18 MP: 3/5
   797 | D:1      | Reached XP level 3. HP: 19/23 MP: 4/6
   944 | D:1      | Learned a level 2 spell: Wereblood
  1337 | D:2      | Noticed Jessica
  1345 | D:2      | Killed Jessica
  1346 | D:2      | Reached XP level 4. HP: 14/28 MP: 6/8
  1607 | D:2      | Slain by a hobgoblin

Illustrated notes

Levels and vault maps discovered:
D:1:      scummos_arrival_forest, layout_loops_ring, serial_bayou_pond_a,
          minmay_misc_feat_iff
D:2:      layout_loops_ring, serial_shops, nicolae_square_shop,
          minmay_diced_spiral, uniq_jessica

Skill      XL: |  1  2  3 |
---------------+----------+-----
Transmutations | 3 |  3.1
Fighting       | |  1.0
Dodging        | |  2.0
Unarmed Combat | |  3.8
Spellcasting   | |  2.9

Action                   |  1- 3 |  4- 6 || total
-------------------------+-------+-------++-------
Melee: Unarmed           |    61 |    10 ||    71
       Constrict         |    18 |     3 ||    21
       Kick              |    15 |     3 ||    18
       Tentacles         |    12 |     1 ||    13
       Punch             |     1 |       ||     1
 Cast: Beastly Appendage |    21 |     2 ||    23
 Stab: Sleeping          |     3 |       ||     3
Armor: Skin              |     9 |     1 ||    10
Dodge: Dodged            |    24 |     7 ||    31

Table legend: (Time is in decaauts)
 A = Elapsed time spent in this place.
 B = Non-inter-level travel time spent in this place.
 C = Inter-level travel time spent in this place.
 D = Time resting spent in this place.
 E = Time spent auto-exploring this place.
 F = Levels seen in this place.
 G = Mean time per level.
                   A        B        C        D        E       F      G
               +--------+--------+--------+--------+--------+-----+--------+
         Total |   1602 |   1545 |     57 |    271 |   1003 |   2 |  801.0 |
       Dungeon |   1602 |   1545 |     57 |    271 |   1003 |   2 |  801.0 |
               +--------+--------+--------+--------+--------+-----+--------+

Top non-repeatable levels by time:
     D:1: 965 daAuts
     D:2: 636 daAuts
